 Dungeon Crawl Stone Soup version 0.32-a0-999-gfa1cc04b1d (webtiles) character file.

Game seed: 15657994984263845230

9 protoss039 the Digger (level 2, 20/20 HPs)
             Began as a Demonspawn Earth Elementalist on Apr 24, 2024.
             Got out of the dungeon alive.
             The game lasted 00:00:30 (453 turns).

protoss039 the Digger (DsEE)                         Turns: 453, Time: 00:00:30

Health: 20/20      AC:  2    Str:  8    XL:     2   Next: 3%
Magic:  5/5        EV: 11    Int: 15    God:
Gold:   37         SH:  0    Dex: 13    Spells: 4/5 levels left

rFire   . . .        h - +0 dagger
rCold   . . .        (no shield)
rNeg    . . .        a - +0 robe
rPois   .            (no helmet)
rElec   .            (no cloak)
rCorr   .            (no gloves)
SInv    .            (no boots)
Will    .....        (no amulet)
Stlth   ++           (no ring)
HPRegen 0.23/turn    (no ring)
MPRegen 0.09/turn

%: no passive effects
@: no status effects
A: spiny 1
a: no special abilities


You escaped.
You visited 1 branch of the dungeon, and saw 1 of its levels.

You collected 37 gold pieces.

Inventory:

Hand Weapons
 h - a +0 dagger (weapon)
Armour
 a - a +0 robe (worn)
Scrolls
 e - a scroll of blinking {unknown}
 i - a scroll of amnesia {unknown}
Potions
 b - a potion of magic
 c - a potion of haste {unknown}
 d - a potion of degeneration {unknown}
 f - a potion of might {unknown}
 g - a potion of curing {unknown}
 j - a potion of heal wounds {unknown}


   Skills:
 + Level 0.7 Fighting
 - Level 1.7 Dodging
 - Level 1.7 Stealth
 + Level 2.2 Spellcasting
 - Level 1.0 Conjurations
 + Level 2.9 Earth Magic


You had 4 spell levels left.
You knew the following spells:

 Your Spells              Type           Power      Damage    Failure   Level
a - Sandblast             Erth           20%        2d7       7%          1

Your spell library contained the following spells:

 Spells                   Type           Power      Damage    Failure   Level
 Passwall                 Erth           10%        N/A       21%         3
 Stone Arrow              Conj/Erth      14%        3d7       28%         3
 Brom's Barrelling Bould  Conj/Erth      7%         2d3       67%         4
 Petrify                  Alch/Erth      6%         N/A       75%         4


Dungeon Overview and Level Annotations

Branches:
Dungeon (1/15) Zot: 5543

Altars:


Innate Abilities, Weirdness & Mutations

You are partially covered in sharp spines.


Message History

Aim: a dart slug (severely wounded, 100% to hit)
The blast of sand hits the dart slug.
You kill the dart slug!
Unknown command.
j - a dark potion A ball python comes into view.
A ball python is nearby!
A ball python is nearby!
The ball python hisses angrily.
Casting: Sandblast (safe; 7% risk of failure)
Confirm with . or Enter, or press ? or * to list all spells.
Aiming: Sandblast (safe; 7% risk of failure)
Press: ? - help, Shift-Dir - straight line, f - ball python
Aim: a ball python (80% to hit)
The blast of sand hits the ball python.
You kill the ball python!
You have reached level 2!
Your demonic ancestry asserts itself...
Sharp spines emerge from parts of your body.
A rat comes into view.
A rat is nearby!
The rat is struck by your spines. The rat bites you.
You hit the rat.
You kill the rat!
No target in view!
No target in view!
No target in view!
No target in view!
No target in view!
No target in view!
No target in view!
No target in view!
No target in view!
No target in view!
No target in view!
No target in view!
No target in view!
You see here a +0 spear.
There is a staircase leading out of the dungeon here.
You have escaped!

####.##.... ##....+....
######### #....##....
##...ß...###..........
##..ß...ß..##..........
.#ß.........ß#..........
....ß..(..ß.............
.#ß.........ß#....###...
##..ß.@.ß..##....###...
##...ß...###....#.....
######### #..........
##...>..... ######
########......
#....###.....##......
#....'...............
#....###.....##......
#....# #...........#.


There were no monsters in sight!

Vanquished Creatures
  A dart slug (D:1)
  A ball python (D:1)
  2 endoplasms (D:1)
  A quokka (D:1)
  A rat (D:1)
6 creatures vanquished.

Notes
Turn   | Place    | Note
-------+----------+-------------------------------------------
     0 | D:1      | protoss039 the Demonspawn Earth Elementalist began the
                  | quest for the Orb.
     0 | D:1      | Reached XP level 1. HP: 13/13 MP: 3/3
   388 | D:1      | Gained mutation: You are partially covered in sharp spines.
                  | [demonic ancestry]
   388 | D:1      | Reached XP level 2. HP: 20/20 MP: 3/5
   453 | D:$      | Got out of the dungeon alive.

Illustrated notes

Levels and vault maps discovered:
D:1:      erik_arrival_orb_chamber, layout_basic

Action                     || total
---------------------------++-------
  Melee: Dagger            ||     1
   Cast: Sandblast         ||     9
 Armour: Robe              ||     4

Table legend: (Time is in decaauts)
 A = Elapsed time spent in this place.
 B = Non-inter-level travel time spent in this place.
 C = Inter-level travel time spent in this place.
 D = Time resting spent in this place.
 E = Time spent auto-exploring this place.
 F = Levels seen in this place.
 G = Mean time per level.
                   A        B        C        D        E       F      G
               +--------+--------+--------+--------+--------+-----+--------+
         Total |    457 |    394 |     63 |      0 |    342 |   1 |  457.0 |
       Dungeon |    457 |    394 |     63 |      0 |    342 |   1 |  457.0 |
               +--------+--------+--------+--------+--------+-----+--------+

Top non-repeatable levels by time:
     D:1: 457 daAuts
